[Event "Titled Tuesday Blitz January 18 2022"]
[White "Ortega Amarelle, Mariano"]
[Black "Mindlin, Alon"]
[WhiteFideId "3504301"]
[BlackFideId "2800071"]
[WhiteElo "2389"]
[BlackElo "2446"]
[Result "0-1"]
[Round "06"]
[TimeControl "180+1"]
[Date "2022.01.18"]
[WhiteClock "0:00:02"]
[BlackClock "0:01:16"]

1. c4 Nf6 2. Nc3 e5 3. Nf3 Nc6 4. e3 Bb4 5. Qc2 O-O 6. a3 Bxc3 7. Qxc3 a5 8. b3 Re8 9. Bb2 d6 10. Be2 Bf5 11. d3 h6 12. O-O Qd7 13. b4 b6 14. Rfd1 Bg6 15. b5 Nd8 16. d4 Ne4 17. Qe1 exd4 18. Nxd4 Ne6 19. Nc6 N6c5 20. f3 Ng5 21. e4 f6 22. h4 Nge6 23. Qg3 Bf7 24. Bxf6 Bh5 25. Bc3 Qf7 26. Bf1 a4 27. Ra2 Nxe4 28. fxe4 Bxd1 29. Rf2 Qh5 30. c5 Qg4 31. Qxg4 Bxg4 32. cxd6 cxd6 33. Bc4 Kh7 34. Rd2 Nc5 35. Rd4 Be6 36. Be2 Bf7 37. Bf3 Bg6 38. Rxd6 Bxe4 0-1


[Site "https://www.chess.com"]

[Event "Titled Tuesday Blitz January 18 2022"]
[White "Ozer, Omer Faruk"]
[Black "Samadov, Read"]
[WhiteFideId "6354564"]
[BlackFideId "13417444"]
[WhiteElo "2050"]
[BlackElo "2084"]
[Result "0-1"]
[Round "06"]
[TimeControl "180+1"]
[Date "2022.01.18"]
[WhiteClock "0:00:23"]
[BlackClock "0:00:07"]

1. e4 c5 2. Nf3 d6 3. d4 cxd4 4. Nxd4 Nf6 5. Nc3 a6 6. h4 Nbd7 7. g4 d5 8. g5 Nxe4 9. Nxe4 dxe4 10. Bg2 Nc5 11. Be3 Qc7 12. Qe2 e5 13. Nb3 Bf5 14. O-O-O Nxb3+ 15. axb3 Rc8 16. Rd5 Be6 17. Rhd1 Bxd5 18. Rxd5 Rd8 19. Bxe4 Rxd5 20. Bxd5 Bc5 21. Bxc5 Qxc5 22. Qxe5+ Kd7 23. c4 Qxf2 24. Qxg7 Qe1+ 25. Kc2 Re8 26. Qxf7+ Re7 27. Qf5+ Kc7 28. Qf4+ Kd7 29. Bf3 Qf2+ 30. Kb1 Qe1+ 31. Ka2 Qa5+ 32. Kb1 Qe1+ 33. Kc2 Qf2+ 34. Qd2+ Qxd2+ 35. Kxd2 Kd6 36. b4 Ke5 37. c5 Kf4 38. Bd1 Rd7+ 39. Kc1 Rd4 40. Bc2 Rxb4 41. Bxh7 Ke5 42. h5 Rh4 43. g6 Kf6 44. Kc2 Rxh5 45. b4 Re5 46. Kc3 Kg7 47. Kc4 Rg5 48. Kb3 Rg4 49. Ka4 Rf4 50. Ka5 Rd4 51. b5 axb5 52. Kb6 b4 53. Kxb7 b3 54. Bg8 Kxg8 55. c6 b2 56. c7 Rb4+ 57. Kc8 Rc4 58. Kd8 b1=Q 59. c8=Q Rxc8+ 60. Kxc8 Qxg6 61. Kd7 Qf6 62. Kc7 Kf7 63. Kb7 Ke7 64. Ka7 Kd7 65. Kb7 Qc6+ 66. Ka7 Qb5 67. Ka8 Kc7 0-1


[Site "https://www.chess.com"]

[Event "Titled Tuesday Blitz January 18 2022"]
[White "Padmini, Rout"]
[Black "Fernandez, Michael"]
[WhiteFideId "5029295"]
[BlackFideId "5803560"]
[WhiteElo "2181"]
[BlackElo "2110"]
[Result "0-1"]
[Round "06"]
[TimeControl "180+1"]
[Date "2022.01.18"]
[WhiteClock "0:00:13"]
[BlackClock "0:00:08"]

1. c4 c6 2. d4 d5 3. Nc3 Nf6 4. cxd5 cxd5 5. Nf3 Nc6 6. Bf4 a6 7. e3 Bg4 8. Be2 g6 9. O-O Bg7 10. Qb3 Na5 11. Qa4+ Bd7 12. Qb4 Nh5 13. Nxd5 Nxf4 14. Nxf4 O-O 15. d5 b6 16. Nd4 Bxd4 17. Qxd4 Nb7 18. h4 Nd6 19. e4 Rc8 20. h5 g5 21. h6 f6 22. Nh5 Bb5 23. Bxb5 Nxb5 24. Qd3 Qe8 25. Ng7 Qd7 26. Ne6 Rfe8 27. f4 Kh8 28. fxg5 Qd6 29. gxf6 exf6 30. Rxf6 Qe5 31. Raf1 Nd6 32. Qf3 Rg8 33. Ng7 Nxe4 34. Rf8 Qd4+ 35. Kh1 Nd2 36. Rxg8+ Rxg8 37. Qf2 Qxd5 38. Rd1 Ne4 39. Rxd5 Nxf2+ 40. Kg1 Ng4 41. Rd6 Nxh6 42. Rxh6 Kxg7 43. Rxb6 Ra8 44. a4 Kf7 45. Kf2 a5 46. Kf3 Kg7 47. g4 Rc8 48. b3 Rc3+ 49. Kf4 Kf7 50. Kf5 Rf3+ 51. Kg5 Rf1 52. Rb7+ Kg8 53. Kh6 Rh1+ 54. Kg5 Rg1 55. Kf5 Re1 56. Kf4 Rf1+ 57. Kg5 Rb1 58. Rb5 Kf7 59. Kf5 Kg7 60. Rb7+ Kg8 61. Kf6 Rf1+ 62. Ke5 Rg1 63. Kf4 Rf1+ 64. Kg5 Rb1 65. Rb5 Kg7 66. Kf5 Rf1+ 67. Ke4 Rb1 68. Kd5 Kg6 69. Kc6 Rg1 70. Kb6 Rxg4 71. Kxa5 h5 72. Rb8 h4 73. Rh8 Rg5+ 74. Ka6 Rh5 75. Rg8+ Kf5 76. Rg1 h3 77. b4 Ke6 78. b5 Kd7 79. Rc1 h2 80. b6 h1=Q 81. Rxh1 Rxh1 82. b7 Rb1 83. Ka7 Kc7 84. a5 Rxb7+ 85. Ka8 Rb8+ 86. Ka7 Rb5 87. a6 Ra5 88. Ka8 Rxa6# 0-1


[Site "https://www.chess.com"]

[Event "Titled Tuesday Blitz January 18 2022"]
[White "Panesar Vedant"]
[Black "Przybylski, Wojciech"]
[WhiteFideId "35033018"]
[BlackFideId "1117599"]
[WhiteElo "1971"]
[BlackElo "2133"]
[Result "0-1"]
[Round "06"]
[TimeControl "180+1"]
[Date "2022.01.18"]
[WhiteClock "0:00:07"]
[BlackClock "0:00:05"]

1. d4 d5 2. c4 c6 3. Nc3 Nf6 4. cxd5 cxd5 5. Bf4 a6 6. e3 Nc6 7. Bd3 e6 8. Rc1 Be7 9. Nf3 O-O 10. Ne5 Bd7 11. Qf3 Rc8 12. Qh3 b5 13. Bg5 g6 14. Bh6 Re8 15. O-O Na5 16. f4 Nc4 17. b3 Nd2 18. Rfd1 Nde4 19. Nxe4 dxe4 20. Bb1 Qa5 21. Bg5 Rxc1 22. Rxc1 Qd2 23. Rf1 Bc8 24. Bxf6 Bxf6 25. Bxe4 Qxa2 26. Nxf7 Qxb3 27. Nd6 Rd8 28. Nxc8 Rxc8 29. d5 Re8 30. dxe6 Rxe6 31. Bf3 Qxe3+ 32. Kh1 Kg7 33. f5 Qf2 34. g3 Re1 35. Rxe1 Qxe1+ 36. Kg2 Qd2+ 37. Kf1 Qc1+ 38. Kg2 Qc2+ 39. Kf1 Qb1+ 40. Kg2 Qxf5 41. Bg4 Qc2+ 42. Kf1 Qc1+ 43. Ke2 Bd4 44. Bf3 Qc2+ 45. Ke1 Qf2+ 46. Kd1 Qxf3+ 47. Kc1 Qc3+ 48. Kd1 Qd3+ 49. Ke1 Bc3+ 50. Kf2 Qd2+ 51. Kf3 Qd1+ 52. Kf2 Bd4+ 53. Kg2 Qe2+ 54. Kh1 Qf3+ 55. Qg2 Qd1+ 0-1


[Site "https://www.chess.com"]

[Event "Titled Tuesday Blitz January 18 2022"]
[White "Papasimakopoulos, Alexandros"]
[Black "Perez Ponsa, Federico"]
[WhiteFideId "4244125"]
[BlackFideId "117927"]
[WhiteElo "2340"]
[BlackElo "2672"]
[Result "0-1"]
[Round "06"]
[TimeControl "180+1"]
[Date "2022.01.18"]
[WhiteClock "0:00:26"]
[BlackClock "0:02:02"]

1. d4 Nf6 2. c4 e6 3. Nc3 Bb4 4. Qc2 O-O 5. a3 Bxc3+ 6. Qxc3 h6 7. f3 d5 8. c5 Nc6 9. b4 e5 10. e3 Re8 11. Kf2 exd4 12. exd4 Nh5 13. Ne2 a6 14. g4 Qh4+ 15. Kg1 Bxg4 16. fxg4 Qxg4+ 17. Ng3 Nxd4 18. Be3 Nxg3 19. hxg3 Qxg3+ 20. Bg2 Ne2+ 0-1


[Site "https://www.chess.com"]

[Event "Titled Tuesday Blitz January 18 2022"]
[White "Pichot, Alan"]
[Black "Hakobyan, Aram"]
[WhiteFideId "110973"]
[BlackFideId "13306677"]
[WhiteElo "2908"]
[BlackElo "3018"]
[Result "0-1"]
[Round "06"]
[TimeControl "180+1"]
[Date "2022.01.18"]
[WhiteClock "0:00:01"]
[BlackClock "0:00:33"]

1. e4 c6 2. d4 d5 3. e5 Bf5 4. h4 h6 5. Bd3 Bxd3 6. Qxd3 e6 7. h5 c5 8. c3 Nc6 9. Ne2 Qb6 10. a3 Qa6 11. Qxa6 bxa6 12. b4 c4 13. a4 Nge7 14. Na3 Nc8 15. Nc2 a5 16. b5 Nd8 17. Ba3 Bxa3 18. Rxa3 Nb6 19. f4 a6 20. bxa6 Rxa6 21. Kf2 Nc6 22. Rb1 Kd7 23. g4 Rb8 24. Ne3 Raa8 25. g5 Ne7 26. Ng3 Nbc8 27. Raa1 Rb3 28. Rc1 Nb6 29. Ng4 Rh8 30. Ra2 Nf5 31. gxh6 Nxh6 32. Ne3 Nc8 33. Kf3 Ne7 34. Rg2 Rhb8 35. Ra2 Ke8 36. Ke2 Rb2+ 37. Rc2 Rb1 38. Rd2 R8b3 39. Rdc2 g6 40. Nef1 gxh5 41. Nxh5 Nef5 42. Nd2 Rh1 43. Nf6+ Ke7 44. Rab2 Rh2+ 45. Kf3 Rh3+ 46. Ke2 Rxb2 47. Rxb2 Rxc3 48. Rb7+ Kd8 0-1


[Site "https://www.chess.com"]

[Event "Titled Tuesday Blitz January 18 2022"]
[White "Pinero Rodriguez, Carlos Jose"]
[Black "Coto Mederos, Michel"]
[WhiteFideId "3901726"]
[BlackFideId "3508528"]
[WhiteElo "2053"]
[BlackElo "2427"]
[Result "0-1"]
[Round "06"]
[TimeControl "180+1"]
[Date "2022.01.18"]
[WhiteClock "0:00:42"]
[BlackClock "0:01:22"]

1. b3 e5 2. Bb2 d6 3. e3 Nf6 4. c4 g6 5. Qc2 Bg7 6. Nc3 Nc6 7. a3 Bf5 8. Bd3 Bxd3 9. Qxd3 Qd7 10. Nf3 O-O 11. h4 Qg4 12. Ng5 h6 13. Nge4 Nxe4 14. Qxe4 Qxe4 15. Nxe4 f5 16. Nc3 Na5 17. Nd5 Rf7 18. Bc3 Nxb3 19. Rb1 Nc5 20. d4 exd4 21. exd4 Ne4 22. Rxb7 c6 23. Ne7+ Kh7 24. Bb4 Re8 25. f3 Ng3 26. Rh3 Rfxe7+ 27. Rxe7 Rxe7+ 28. Kf2 f4 29. h5 Bxd4# 0-1


[Site "https://www.chess.com"]

[Event "Titled Tuesday Blitz January 18 2022"]
[White "Pinto, Daniel"]
[Black "Cherniaiev, Tykhon"]
[WhiteFideId "3303144"]
[BlackFideId "14182360"]
[WhiteElo "1938"]
[BlackElo "2289"]
[Result "0-1"]
[Round "06"]
[TimeControl "180+1"]
[Date "2022.01.18"]
[WhiteClock "0:00:01"]
[BlackClock "0:00:43"]

1. e4 c5 2. Nf3 e6 3. c3 d5 4. e5 d4 5. cxd4 cxd4 6. Bd3 Nc6 7. O-O Nge7 8. Re1 Ng6 9. a3 Qc7 10. Bxg6 hxg6 11. b4 a6 12. d3 Bd7 13. Nbd2 g5 14. Bb2 g4 15. Nxd4 Nxe5 16. Nxe6 Bxe6 17. Bxe5 Bd6 18. Rc1 Qd7 19. Nc4 Bxe5 20. Nxe5 Qd6 21. Nxg4 O-O 22. Ne5 Rad8 23. Qf3 Bd5 24. Qg3 Rfe8 25. h4 Re6 26. Nc4 Qe7 27. Rxe6 Qxe6 28. Ne3 Bc6 29. Rc3 Qf6 30. Qg5 Qxc3 31. Qxd8+ Kh7 32. Kh2 Qe5+ 33. g3 Qa1 34. Ng2 Qf1 0-1


[Site "https://www.chess.com"]

[Event "Titled Tuesday Blitz January 18 2022"]
[White "Piorun, Kacper"]
[Black "Wagner, Dennis"]
[WhiteFideId "1130420"]
[BlackFideId "24650684"]
[WhiteElo "2969"]
[BlackElo "2731"]
[Result "1-0"]
[Round "06"]
[TimeControl "180+1"]
[Date "2022.01.18"]
[WhiteClock "0:00:09"]
[BlackClock "0:00:14"]

1. d4 Nf6 2. Bg5 d5 3. Nd2 c5 4. e3 cxd4 5. exd4 Nc6 6. Ngf3 h6 7. Bxf6 gxf6 8. c4 e5 9. cxd5 Qxd5 10. Bc4 Qa5 11. O-O Bb4 12. Ne4 Qd8 13. d5 f5 14. Ng3 f4 15. dxc6 fxg3 16. Qa4 gxf2+ 17. Kh1 b5 18. Bxb5 Qa5 19. c7+ Ke7 20. Qxa5 Bxa5 21. Bc6 Ba6 22. Rxf2 Bxc7 23. Bxa8 Rxa8 24. Rc1 Bd6 25. Rd2 e4 26. Rc6 Bf4 27. Rxa6 exf3 28. Rf2 fxg2+ 29. Kxg2 Bg5 30. Re2+ Kd7 31. Ra3 f5 32. Rd3+ Kc6 33. Rc2+ Kb5 34. Rb3+ Ka4 35. Rc4+ Ka5 36. Rc5+ Ka4 37. Rxf5 Rd8 38. Rf7 Rd2+ 39. Kf3 a6 40. h4 Bd8 41. Rf4+ Ka5 42. Rf5+ Ka4 43. Rf4+ Ka5 44. a3 Rh2 45. Rf5+ Ka4 46. Rb4# 1-0


[Site "https://www.chess.com"]

[Event "Titled Tuesday Blitz January 18 2022"]
[White "Plotkin, Mark"]
[Black "Sargsyan, Anna M."]
[WhiteFideId "2611651"]
[BlackFideId "13308130"]
[WhiteElo "2178"]
[BlackElo "2271"]
[Result "1-0"]
[Round "06"]
[TimeControl "180+1"]
[Date "2022.01.18"]
[WhiteClock "0:00:46"]
[BlackClock "0:00:18"]

1. e4 c6 2. c4 d5 3. cxd5 cxd5 4. exd5 Nf6 5. Bc4 Nbd7 6. d3 Nb6 7. Qb3 g6 8. Nc3 Bg7 9. Nf3 O-O 10. O-O Bf5 11. Be3 Rc8 12. Bxb6 axb6 13. Rfe1 Nd7 14. d4 Bg4 15. Ne5 Bf5 16. Rad1 Qc7 17. d6 exd6 18. Bxf7+ Kh8 19. Nd5 Qc2 20. Nxd7 Rxf7 21. N7xb6 Qxb3 22. axb3 Rc2 23. Nc4 Bf8 24. Nde3 b5 25. Nxc2 Bxc2 26. Rc1 Bxb3 27. Ne3 h5 28. Rc3 Be6 29. d5 Bd7 30. Rc7 Bg7 31. Ra1 Be8 32. Rc8 Re7 33. Raa8 Kh7 34. Rxe8 Rc7 35. Rec8 Re7 36. b3 1-0


[Site "https://www.chess.com"]

[Event "Titled Tuesday Blitz January 18 2022"]
[White "Pranav, V"]
[Black "Saydaliev, Saidakbar"]
[WhiteFideId "25060783"]
[BlackFideId "14203693"]
[WhiteElo "2349"]
[BlackElo "2279"]
[Result "1-0"]
[Round "06"]
[TimeControl "180+1"]
[Date "2022.01.18"]
[WhiteClock "0:01:26"]
[BlackClock "0:00:22"]

1. e4 c5 2. Nf3 d6 3. Bb5+ Nd7 4. d4 cxd4 5. Qxd4 a6 6. Bxd7+ Bxd7 7. c4 e5 8. Qd3 b5 9. Nc3 bxc4 10. Qxc4 h6 11. Nd5 Rc8 12. Qxa6 Nf6 13. Nc3 Bc6 14. Qd3 d5 15. Nxe5 Bb4 16. O-O Bxc3 17. bxc3 O-O 18. exd5 Bxd5 19. Qg3 Kh7 20. Rd1 Ne4 21. Qd3 Ba8 22. Nd7 Re8 23. f3 Rxc3 24. Nf8+ Rxf8 25. Qxd8 Rxd8 26. Rxd8 1-0


[Site "https://www.chess.com"]

[Event "Titled Tuesday Blitz January 18 2022"]
[White "Prohorov, Olexandr"]
[Black "Andreikin, Dmitry"]
[WhiteFideId "14105578"]
[BlackFideId "4158814"]
[WhiteElo "1993"]
[BlackElo "2736"]
[Result "0-1"]
[Round "06"]
[TimeControl "180+1"]
[Date "2022.01.18"]
[WhiteClock "0:00:04"]
[BlackClock "0:00:31"]

1. e4 c5 2. c3 Nf6 3. e5 Nd5 4. g3 Nc6 5. Bg2 e6 6. Nf3 g5 7. d4 g4 8. Ng1 cxd4 9. cxd4 Qa5+ 10. Kf1 b6 11. Bd2 Ba6+ 12. Ke1 Ndb4 13. Bf1 Qd5 14. f3 Nxd4 15. Bxa6 Nxa6 16. Nc3 Qxe5+ 17. Kf2 Nb4 18. Be3 Bc5 19. Ne4 Nbc2 20. Rc1 Nxe3 21. Kxe3 Nxf3+ 22. Rxc5 bxc5 23. Nxf3 gxf3 24. Kxf3 d5 25. Nxc5 O-O 26. Qd3 Qxb2 27. Re1 Rac8 28. Kg4 Rxc5 0-1


[Site "https://www.chess.com"]

[Event "Titled Tuesday Blitz January 18 2022"]
[White "Prraneeth Vuppala"]
[Black "Iljushina, Olga"]
[WhiteFideId "46622373"]
[BlackFideId "4152280"]
[WhiteElo "1759"]
[BlackElo "1937"]
[Result "0-1"]
[Round "06"]
[TimeControl "180+1"]
[Date "2022.01.18"]
[WhiteClock "0:00:09"]
[BlackClock "0:00:40"]

1. e4 c5 2. Nf3 Nc6 3. d4 cxd4 4. Nxd4 Nf6 5. Nc3 d6 6. Bg5 Qb6 7. Ndb5 a6 8. Bxf6 gxf6 9. Nd5 Qa5+ 10. b4 Nxb4 11. Nbc7+ Kd8 12. Nxa8 Nxd5+ 13. Qd2 Nb4 14. c3 Nc6 15. Rb1 h5 16. Nb6 Bh6 17. Qc2 Nd4 18. Qd3 Nb5 19. a4 Nxc3 20. Nc4 Qc5 21. Qxc3 b5 22. axb5 axb5 23. Qa5+ Ke8 24. Qxb5+ Qxb5 25. Rxb5 Kf8 26. Be2 Kg7 27. O-O Ba6 28. Ra5 Bc8 29. Ra8 h4 30. Nb6 Be6 31. Rxh8 Kxh8 32. Nd5 Bf8 33. Rc1 f5 34. f3 fxe4 35. fxe4 f5 36. Rc8 Kg7 0-1


[Site "https://www.chess.com"]

[Event "Titled Tuesday Blitz January 18 2022"]
[White "Raja Rithvik R"]
[Black "Zhuravlev, Alexey"]
[WhiteFideId "35007394"]
[BlackFideId "4164199"]
[WhiteElo "2255"]
[BlackElo "2522"]
[Result "0-1"]
[Round "06"]
[TimeControl "180+1"]
[Date "2022.01.18"]
[WhiteClock "0:00:01"]
[BlackClock "0:00:16"]

1. Nf3 Nf6 2. c4 g6 3. g3 Bg7 4. Bg2 O-O 5. O-O d6 6. d4 Nc6 7. Nc3 a6 8. Qd3 e5 9. dxe5 dxe5 10. Qxd8 Rxd8 11. Bg5 Re8 12. Rfd1 h6 13. Be3 Be6 14. b3 e4 15. Nd4 Ng4 16. Nxe4 Nxe3 17. fxe3 Bf5 18. Nc5 Rxe3 19. Nxf5 gxf5 20. Rac1 Nd4 21. Bxb7 Rae8 22. Kf1 Rxe2 23. Nxa6 Rxa2 0-1


[Site "https://www.chess.com"]

[Event "Titled Tuesday Blitz January 18 2022"]
[White "Reprintsev, Alexander"]
[Black "Nigmatov, Ortik"]
[WhiteFideId "14100541"]
[BlackFideId "14202131"]
[WhiteElo "2126"]
[BlackElo "2378"]
[Result "1/2-1/2"]
[Round "06"]
[TimeControl "180+1"]
[Date "2022.01.18"]
[WhiteClock "0:00:38"]
[BlackClock "0:00:13"]

1. e4 c5 2. b3 Nf6 3. e5 Nd5 4. Nc3 Nc7 5. d4 cxd4 6. Qxd4 Nc6 7. Qe3 g6 8. Bb2 Bg7 9. Nf3 O-O 10. O-O-O Ne6 11. h4 Qb6 12. Qxb6 axb6 13. Re1 Ra5 14. Bb5 Nc7 15. a4 Nxb5 16. Nxb5 f6 17. h5 fxe5 18. hxg6 hxg6 19. Nxe5 Rxf2 20. Nxg6 e6 21. Nd6 Rc5 22. Nc4 d5 23. Ne3 Nb4 24. Ne7+ Kf7 25. Nxc8 Nxc2 26. Nd6+ Ke7 27. Ndf5+ exf5 28. Nxc2+ Kf7 29. Bxg7 Rcxc2+ 30. Kb1 Kxg7 31. Re7+ Kf6 32. Rxb7 Ke5 33. Rxb6 d4 34. Re1+ Kd5 35. Rb5+ Kd6 36. g3 d3 37. Rd1 Ra2 38. Rxd3+ Kc6 39. Rd1 Rfb2+ 40. Kc1 Rg2 41. Kb1 Rgb2+ 42. Kc1 Rc2+ 43. Kb1 Rab2+ 44. Ka1 Ra2+ 45. Kb1 Rcb2+ 1/2-1/2


[Site "https://www.chess.com"]

[Event "Titled Tuesday Blitz January 18 2022"]
[White "Rozhkov, Viacheslav"]
[Black "Tristan, Leonardo"]
[WhiteFideId "4181484"]
[BlackFideId "113816"]
[WhiteElo "2324"]
[BlackElo "2404"]
[Result "0-1"]
[Round "06"]
[TimeControl "180+1"]
[Date "2022.01.18"]
[WhiteClock "0:00:35"]
[BlackClock "0:01:06"]

1. e4 d5 2. e5 c5 3. c3 Nc6 4. f4 Bf5 5. Nf3 e6 6. Be2 h5 7. O-O h4 8. d3 h3 9. g3 Nh6 10. Kh1 Be7 11. Be3 d4 12. cxd4 cxd4 13. Bg1 Qd5 14. Nd2 Ng4 15. Qb3 O-O-O 16. Qxd5 Rxd5 17. Nc4 b5 18. Ncd2 Kb7 19. Rac1 Rhd8 20. Ne4 a6 21. Neg5 f6 22. exf6 gxf6 23. Nxh3 Ne3 24. Nf2 Nxf1 25. Bxf1 Rc5 26. Re1 e5 27. g4 Be6 28. Bg2 Bd5 29. fxe5 fxe5 30. Ne4 Rc2 31. g5 Rxb2 32. g6 Rg8 33. Nxe5 Nxe5 34. Nf6 Bxg2# 0-1


[Site "https://www.chess.com"]

[Event "Titled Tuesday Blitz January 18 2022"]
[White "Ruiz Aguilar, Pablo Alexander"]
[Black "Baskin, Robert"]
[WhiteFideId "4401352"]
[BlackFideId "24662402"]
[WhiteElo "2125"]
[BlackElo "2488"]
[Result "1-0"]
[Round "06"]
[TimeControl "180+1"]
[Date "2022.01.18"]
[WhiteClock "0:00:06"]
[BlackClock "0:00:03"]

1. e4 d5 2. exd5 Qxd5 3. Nc3 Qd6 4. d4 Nf6 5. Nf3 c6 6. Ne5 Nbd7 7. f4 Nb6 8. Be3 g6 9. Qd2 Bg7 10. O-O-O Be6 11. h3 O-O-O 12. g4 Nfd5 13. Bg2 Nxc3 14. Qxc3 Nd5 15. Bxd5 Bxd5 16. Rhe1 h5 17. g5 Kb8 18. a3 Bxe5 19. dxe5 Qc7 20. Qb4 b6 21. Bc5 Rd7 22. c4 Ka8 23. cxd5 cxd5 24. Kb1 bxc5 25. Qa4 e6 26. Rc1 Rb8 27. Rc2 c4 28. Rd1 Rdd8 29. b4 Qb6 30. Rcd2 d4 31. Rc2 c3 32. Rd3 a5 33. Ka2 Qb5 34. Qxb5 Rxb5 35. Rcxc3 axb4 36. Rb3 Rc5 37. Rxb4 Rxe5 38. fxe5 Rd5 39. Rbxd4 Rxe5 40. Rd8+ Kb7 41. R8d7+ Kc6 42. Rxf7 Rxg5 43. Rf6 Kc5 44. Rxe6 Kc4 45. Rd2 Rg3 46. h4 Rh3 47. Rc2+ Kb5 48. Rb2+ Kc5 49. Re4 Kd5 50. Ra4 Rg3 51. Rb5+ Kc6 52. Rg5 Rf3 53. Rxg6+ Kb5 54. Rb4+ Ka5 55. Rg5+ Ka6 56. Rxh5 Rh3 57. Kb2 Rg3 58. Rg5 Rh3 59. h5 Rh1 60. Kb3 Rh3+ 61. Ka4 1-0


[Site "https://www.chess.com"]

[Event "Titled Tuesday Blitz January 18 2022"]
[White "Salimova, Nurgyul"]
[Black "Krivonosov, Oleg"]
[WhiteFideId "2915138"]
[BlackFideId "11600349"]
[WhiteElo "2185"]
[BlackElo "2455"]
[Result "1/2-1/2"]
[Round "06"]
[TimeControl "180+1"]
[Date "2022.01.18"]
[WhiteClock "0:00:11"]
[BlackClock "0:00:06"]

1. d4 d5 2. Nc3 Nf6 3. Bf4 c5 4. dxc5 e6 5. e3 Bxc5 6. Nf3 O-O 7. Bd3 Nc6 8. e4 Nb4 9. e5 Nxd3+ 10. Qxd3 Nh5 11. Bd2 f5 12. O-O b6 13. Ne2 a5 14. Bg5 Qe8 15. Qd2 Ba6 16. Rfe1 Bxe2 17. Rxe2 f4 18. Bh4 h6 19. Qd3 g5 20. Bxg5 hxg5 21. Nxg5 Rf5 22. Nf3 Qf7 23. c4 Rd8 24. cxd5 Rxd5 25. Qe4 Qh7 26. Rae1 Qf7 27. a3 Qh7 28. b4 axb4 29. axb4 Bf8 30. Rc1 Rf7 31. Qc4 Qf5 32. h3 Rg7 33. Kh1 Qd3 34. Qxd3 Rxd3 35. Re4 Rd5 36. Rec4 Rb5 37. Nd4 Rxb4 38. Nxe6 Rxc4 39. Rxc4 Rf7 40. Rc6 b5 41. Rb6 b4 42. Nxf8 Rxf8 43. Rxb4 Re8 44. Re4 Kf7 45. Kh2 Ke6 46. g4 fxg3+ 47. fxg3 Kd5 48. Re1 Rxe5 49. Rxe5+ Kxe5 50. Kg2 Kf6 51. Kf3 Ng7 52. Kg4 Ne6 53. h4 Kg6 54. h5+ Kh6 55. Kh4 Ng5 56. Kg4 Nf7 57. Kf5 Ng5 58. g4 Nh3 59. Kf6 Ng5 60. Kf5 Nh3 61. Kf6 Ng5 62. Kf5 1/2-1/2


[Site "https://www.chess.com"]

[Event "Titled Tuesday Blitz January 18 2022"]
[White "Sanal, Vahap"]
[Black "Chigaev, Maksim"]
[WhiteFideId "6300545"]
[BlackFideId "4108116"]
[WhiteElo "2946"]
[BlackElo "3036"]
[Result "1-0"]
[Round "06"]
[TimeControl "180+1"]
[Date "2022.01.18"]
[WhiteClock "0:00:17"]
[BlackClock "0:00:10"]

1. e4 e6 2. d4 d5 3. Nc3 Bb4 4. exd5 exd5 5. Bd3 Nc6 6. Nf3 Nge7 7. O-O Bxc3 8. bxc3 O-O 9. Re1 Bf5 10. Bf4 Bxd3 11. cxd3 Ng6 12. Bg3 Qd7 13. Qb3 b6 14. h3 Rfe8 15. Re3 Rxe3 16. fxe3 Re8 17. Re1 Na5 18. Qc2 c5 19. e4 cxd4 20. cxd4 Nc6 21. Qa4 h6 22. Kh2 Rd8 23. Rc1 dxe4 24. d5 exf3 25. dxc6 Qxd3 26. c7 Rc8 27. Qg4 Ne7 28. Be5 f6 29. Qe6+ Kh7 30. Bd6 Nf5 31. Bf4 Nd4 32. Qxc8 Qe2 33. Qg4 f5 34. Qg3 1-0


[Site "https://www.chess.com"]

[Event "Titled Tuesday Blitz January 18 2022"]
[White "Sarana, Alexey"]
[Black "Deac, Bogdan-Daniel"]
[WhiteFideId "24133795"]
[BlackFideId "1226380"]
[WhiteElo "3126"]
[BlackElo "2965"]
[Result "1-0"]
[Round "06"]
[TimeControl "180+1"]
[Date "2022.01.18"]
[WhiteClock "0:00:10"]
[BlackClock "0:00:02"]

1. d4 d5 2. c4 c6 3. Nf3 Nf6 4. Nc3 e6 5. Bg5 h6 6. Bh4 dxc4 7. e4 g5 8. Bg3 b5 9. h4 g4 10. Ne5 Nbd7 11. Nxc6 Qb6 12. d5 Bb7 13. a4 a6 14. Be2 Bxc6 15. dxc6 Qxc6 16. axb5 axb5 17. Rxa8+ Qxa8 18. e5 Nh5 19. O-O Nxg3 20. fxg3 Bc5+ 21. Kh2 Nxe5 22. Nxb5 O-O 23. Bxc4 Qe4 24. Rf4 Qe3 25. Nc3 h5 26. Re4 Nf3+ 27. Kh1 Qf2 28. gxf3 Qxg3 29. Re2 Qxf3+ 30. Rg2 Qxd1+ 31. Nxd1 Rd8 32. Nc3 Kg7 33. Re2 Be7 34. Kg1 Bxh4 35. Rh2 Bf6 36. Rxh5 Rc8 37. Be2 Bxc3 38. bxc3 Rxc3 39. Rg5+ Kf6 40. Rxg4 Rc5 41. Kf2 Rf5+ 42. Ke1 Rg5 43. Ra4 Re5 44. Kf2 Rf5+ 45. Bf3 Re5 46. Be4 Rg5 47. Ke3 Rh5 48. Ra7 Rc5 49. Bd3 Re5+ 50. Kd4 Rd5+ 51. Kc4 Rg5 52. Be4 Re5 53. Bc6 Rf5 54. Kd4 Kg7 55. Be4 Rg5 56. Bc2 Kf8 57. Ba4 Rd5+ 58. Kc4 Rf5 59. Kb4 Kg7 60. Bb5 Kf8 61. Ka5 Rd5 62. Kb6 Rf5 63. Bc6 Re5 64. Kc7 Re1 65. Kd8 Rd1+ 66. Bd7 Rd5 67. Ra2 Rd1 68. Rh2 Rd3 69. Rh1 Rd2 70. Rh8+ Kg7 71. Re8 Kf6 72. Rg8 Ra2 73. Rg1 Ra8+ 74. Bc8 Ra7 75. Ke8 Rc7 76. Rf1+ Kg7 77. Bd7 e5 78. Rxf7+ Kh6 79. Ke7 e4 80. Kd6 Rc3 81. Ke5 e3 82. Rf1 Kg5 83. Rg1+ Kh4 84. Bf5 e2 85. Kf4 Rc4+ 86. Be4 Rc3 87. Rg8 1-0


[Site "https://www.chess.com"]

[Event "Titled Tuesday Blitz January 18 2022"]
[White "Shkapenko, Pavel"]
[Black "Ambartsumova, Karina"]
[WhiteFideId "4151933"]
[BlackFideId "4166299"]
[WhiteElo "2386"]
[BlackElo "2262"]
[Result "1/2-1/2"]
[Round "06"]
[TimeControl "180+1"]
[Date "2022.01.18"]
[WhiteClock "0:00:06"]
[BlackClock "0:00:08"]

1. e4 c5 2. c3 d5 3. exd5 Qxd5 4. Nf3 Nc6 5. d4 Bf5 6. Be3 Nf6 7. Na3 e6 8. Qa4 Be7 9. Bc4 Qe4 10. O-O cxd4 11. Nxd4 O-O 12. Nxf5 Qxf5 13. h3 Rfd8 14. Rad1 a6 15. Be2 b5 16. Qc2 Qe5 17. Bf3 Rac8 18. Rxd8+ Bxd8 19. g3 Nb4 20. Qd1 Nbd5 21. Bd4 Qc7 22. Re1 Be7 23. Nc2 h6 24. Ne3 Nb6 25. Ng4 Nxg4 26. Bxg4 Bd6 27. Qe2 Nc4 28. Rd1 Bc5 29. b3 Nb6 30. Be5 Qe7 31. Bf3 Nd7 32. Bf4 Nf6 33. Be5 Nd7 34. Bf4 Nf6 35. Be5 Nd7 1/2-1/2


[Site "https://www.chess.com"]

[Event "Titled Tuesday Blitz January 18 2022"]
[White "Svane, Frederik"]
[Black "Papp, Petra"]
[WhiteFideId "12923044"]
[BlackFideId "739049"]
[WhiteElo "2459"]
[BlackElo "2259"]
[Result "1-0"]
[Round "06"]
[TimeControl "180+1"]
[Date "2022.01.18"]
[WhiteClock "0:00:05"]
[BlackClock "0:00:07"]

1. e4 d6 2. d4 Nf6 3. Nd2 e5 4. c3 Be7 5. Ngf3 Nbd7 6. Bc4 O-O 7. O-O b6 8. Re1 Bb7 9. a4 a6 10. Bd3 c6 11. Nf1 Re8 12. Ng3 Bf8 13. h3 g6 14. Bg5 Qc7 15. b4 Bg7 16. Qd2 Nf8 17. Bh6 Ne6 18. Bxg7 Kxg7 19. Rad1 Nf4 20. Bf1 Rad8 21. c4 c5 22. bxc5 bxc5 23. d5 Rb8 24. Rb1 Ba8 25. a5 Nd7 26. Qa2 Rb4 27. Rb2 Reb8 28. Reb1 Qb7 29. Rxb4 cxb4 30. Nd2 Nc5 31. Nb3 Qc7 32. Kh2 h5 33. Kg1 h4 34. Nxc5 Qxc5 35. Nh1 Bb7 36. Kh2 Bc8 37. g3 hxg3+ 38. fxg3 Nh5 39. Qd2 Nf6 40. Nf2 Bd7 41. Bg2 b3 42. g4 Qd4 43. Qe2 b2 44. Bf3 Ba4 45. Kg2 Qc3 46. Nd3 Bc2 47. Rxb2 Rxb2 48. Nxb2 Qxb2 49. g5 Nh7 50. c5 Qc3 51. cxd6 Nf8 52. Bg4 Qd3 53. Qxd3 Bxd3 54. d7 Nxd7 55. Bxd7 Kf8 56. Kf3 Ke7 57. Bc8 Kd6 58. Ke3 Bb5 59. h4 Kc5 60. Bb7 Kd6 61. Bc8 Kc5 62. Bg4 Kd6 63. h5 gxh5 64. Bxh5 Ke7 65. Be2 Kd6 66. Bxb5 axb5 67. Kd3 Kc5 68. Kc3 b4+ 69. Kb3 Kb5 70. d6 Kc6 71. Kxb4 Kxd6 72. Kb5 1-0


[Site "https://www.chess.com"]